 Dungeon Crawl Stone Soup version 0.29-a0-330-g52719c12eb (webtiles) character file.

Game seed: 13208346818484553407

99071 kae the Scorcher (level 15, -3/126 HPs)
             Began as a Demigod Fire Elementalist on May 1, 2022.
             Slain by a wolf spider (11 damage)
             ... on level 1 of the Spider Nest.
             The game lasted 00:39:11 (47691 turns).

kae the Scorcher (Demigod Fire Elementalist)       Turns: 47691, Time: 00:39:11

Health: -3/126     AC: 13    Str: 15    XL:     15   Next: 32%
Magic:  8/41       EV: 14    Int: 43    God:
Gold:   2463       SH: 10    Dex: 11    Spells: 7/32 levels left

rFire   + . .      SeeInvis +   S - staff of fire
rCold   . . .      Faith    .   V - +1 buckler
rNeg    . . .      Spirit   .   A - +1 leather armour of Mental Paralysis {Will++}
rPois   .          Reflect  +   x - +3 helmet of the Arcane {rElec Will+ SInv}
rElec   +          Harm     .   G - +1 cloak "Pauthrola" {rElec Str+6 Dex-3}
rCorr   .          Rampage  .   L - +2 pair of gloves
Will    ++++.      Rage     1%  (no boots)
Stlth   +.........              w - amulet of reflection
HPRegen 0.31/turn               F - +6 ring of intelligence
MPRegen 0.27/turn               I - ring of magical power

@: lethally poisoned (-3 -> -27)
A: high MP 1, forlorn, divine attributes, berserk 1
a: no special abilities


You were on level 1 of the Spider Nest.
You visited 5 branches of the dungeon, and saw 25 of its levels.

You collected 2486 gold pieces.
You spent 23 gold pieces at shops.

Inventory:

Armour
 x - the +3 helmet of the Arcane (worn) {rElec Will+ SInv}
   (You found it on level 6 of the Dungeon)

   rElec:     It insulates you from electricity.
   SInv:      It lets you see invisible.
   Will:      It increases your willpower.
 A - the +1 leather armour of Mental Paralysis (worn) {Will++}
   (You found it on level 4 of the Dungeon)

   Will:      It greatly increases your willpower.
 G - the +1 cloak "Pauthrola" (worn) {rElec Str+6 Dex-3}
   (You found it on level 8 of the Dungeon)

   Str:       It affects your strength (+6).
   Dex:       It affects your dexterity (-3).
   rElec:     It insulates you from electricity.
 K - a +2 hat of willpower
 L - a +2 pair of gloves (worn)
 V - a +1 buckler (worn)
Magical Staves
 S - a staff of fire (weapon)
Jewellery
 t - a ring of poison resistance
 w - an amulet of reflection (around neck)
 B - an amulet of regeneration
 F - a +6 ring of intelligence (left hand)
 I - a ring of magical power (right hand)
 P - a ring of fire
 W - a ring of magical power
Wands
 H - a wand of iceblast (30)
 J - a wand of polymorph (4)
 N - a wand of flame (37)
 Q - a wand of paralysis (4)
 R - a wand of digging (9)
 X - a wand of acid (7)
Scrolls
 d - 7 scrolls of vulnerability
 f - a scroll of summoning
 g - 9 scrolls of teleportation
 h - 6 scrolls of fog
 j - 3 scrolls of torment
 k - a scroll of fear
 m - 5 scrolls of amnesia
 p - a scroll of holy word
 s - 2 scrolls of magic mapping
 D - a scroll of blinking
 M - 7 scrolls of identify
 T - 3 scrolls of enchant weapon
 U - a scroll of brand weapon
Potions
 b - a potion of magic
 c - 12 potions of heal wounds
 e - 3 potions of ambrosia
 i - 2 potions of might
 l - 4 potions of flight
 o - 7 potions of curing
 q - 2 potions of resistance
 u - 4 potions of lignification
 z - 4 potions of brilliance
 C - 2 potions of berserk rage
 E - 3 potions of haste
 O - 5 potions of attraction
 Z - a potion of cancellation


   Skills:
 - Level 10.0 Fighting
 - Level 10.0 Dodging
 - Level 1.7 Stealth
 - Level 3.0 Shields
 - Level 9.0 Spellcasting
 - Level 10.0 Conjurations
 + Level 17.1 Fire Magic
 - Level 6.0 Evocations


You had 7 spell levels left.
You knew the following spells:

 Your Spells              Type           Power      Damage    Failure   Level
a - Foxfire               Conj/Fire      100%       2x1d9     0%          1
b - Scorch                Fire           100%       2d10      0%          2
c - Conjure Flame         Conj/Fire      100%       6-21      1%          3
d - Inner Flame           Hex/Fire       96%        N/A       1%          3
e - Flame Wave            Conj/Fire      100%       2d17      1%          4
f - Sticky Flame          Conj/Fire      100%       2d11      1%          4
g - Ignition              Fire           64%        3d17      16%         8

Your spell library contained the following spells:

 Spells                   Type           Power      Damage    Failure   Level
 Static Discharge         Conj/Air       58%        N/A       1%          2
 Dazzling Flash           Conj/Hex       100%       N/A       1%          3
 Sting                    Tmut/Pois      76%        1d6       2%          1
 Corpse Rot               Necr/Air       38%        N/A       4%          2
 Poisonous Vapours        Pois/Air       38%        N/A       4%          2
 Sublimation of Blood     Necr           19%        N/A       4%          2
 Gell's Gravitas          Tloc           19%        N/A       8%          3
 Ozocubu's Armour         Ice            19%        N/A       8%          3
 Teleport Other           Tloc           19%        N/A       8%          3
 Tukima's Dance           Hex            19%        N/A       8%          3
 Irradiate                Conj/Tmut      29%        3d23      10%         5
 Dispel Undead            Necr           19%        3d11      26%         4
 Olgreb's Toxic Radiance  Pois           19%        N/A       26%         4
 Passage of Golubria      Tloc           19%        N/A       26%         4
 Petrify                  Tmut/Erth      19%        N/A       26%         4
 Agony                    Necr           19%        N/A       58%         5
 Silence                  Hex/Air        9%         N/A       58%         5
 Yara's Violent Unravell  Hex/Tmut       9%         3d6       58%         5
 Dispersal                Tloc           9%         N/A       99%         6
 Ozocubu's Refrigeration  Ice            9%         4d6       100%        7
 Lehudib's Crystal Spear  Conj/Erth      29%        10d8      100%        8


Dungeon Overview and Level Annotations

Branches:
Dungeon (15/15)            Temple (0/1) D:4            Lair (6/6) D:10
  Swamp (1/4) Lair:4       Spider (1/4) Lair:3        Slime (0/5) Lair:6
    Orc (2/2) D:12            Elf (0/3) Orc:2        Depths (0/4) D:15
 Vaults: D:13-14

Shops:
D:10 !   Orc:1 =   Orc:2 *!*=*

Annotations:
D:5 exclusion: hound, Sigmund
D:7 2 transporters, qborf's ghost, novice TrCK
D:9 3 runed translucent doors, initializr's ghost, novice DsFi
D:14 exclusion: 3 doors
Lair:6 1 runed translucent door, Obloel's ghost, journeyman MfIE


Innate Abilities, Weirdness & Mutations

You have an increased reservoir of magic. (+10% MP)
You shall have no god before yourself.
Your divine heritage dramatically boosts your attributes as you level up.
You tend to lose your temper in combat.


Message History

The wolf spider misses you.
Casting: Foxfire (safe; 0% risk of failure)
Confirm with . or Enter, or press ? or * to list all spells.
You feel a surge of power!
You conjure some foxfire!
You block the wolf spider's attack. x2
The foxfire hits the wolf spider.
The wolf spider is moderately wounded.
The foxfire hits the wolf spider.
The wolf spider is heavily wounded.
The wolf spider hits you. You block the wolf spider's attack.
The wolf spider hits you! You block the wolf spider's attack.
Casting: Foxfire (safe; 0% risk of failure)
Confirm with . or Enter, or press ? or * to list all spells.
You feel a surge of power!
You conjure some foxfire!
The wolf spider hits you! You block the wolf spider's attack.
The foxfire hits the wolf spider.
The wolf spider is heavily wounded.
The foxfire hits the wolf spider.
The wolf spider is heavily wounded.
The wolf spider hits you! The wolf spider closely misses you.
The wolf spider hits you!
* * * LOW HITPOINT WARNING * * *
The wolf spider bites you.
* * * LOW HITPOINT WARNING * * *
You are lethally poisoned!
The wolf spider poisons you!
Casting: Foxfire (safe; 0% risk of failure)
Confirm with . or Enter, or press ? or * to list all spells.
You feel a surge of power!
You conjure some foxfire!
* * * LOW HITPOINT WARNING * * *
You feel extremely sick. The wolf spider closely misses you.
You block the wolf spider's attack.
* * * LOW HITPOINT WARNING * * *
You feel extremely sick.
The foxfire hits the wolf spider.
The wolf spider is heavily wounded.
The foxfire hits the wolf spider.
The wolf spider is heavily wounded.
The jumping spider leaps!
The wolf spider hits you!
You die...

........## #.....# #.........#
......^.# ##..### #.........##
.......## #### #...........
.....^## ####.......... ....###
##..##^........ .....#
####....#.s...†s$° .#...######
##.##....#......○..
.##.....#.#####.................s
##..^.........#§@s.............>.
#....#.....○...§.................
##..##.........###.............^.
############### ################


You could see a wolf spider.

Vanquished Creatures
  Jorgrun (D:13)
  Gastronok (Lair:2)
  Kirke (Lair:5)
  An orc warlord (D:12)
  Nessos (Orc:2)
  A stone giant (D:15)
  An entropy weaver (Spider:1)
  A dire elephant (Lair:6)
  A rakshasa (D:15)
  An ogre mage (D:15)
  4 boulder beetles
  6 hydras
  3 centaur warriors
  A death knight (D:13)
  2 catoblepae
  18 death yaks
  5 two-headed ogres
  4 orc high priests
  A skeletal warrior (D:14)
  A pharaoh ant (Spider:1)
  3 orb spiders (Spider:1)
  A bog body (Lair:4)
  A wizard (D:15)
  3 lindwurms
  2 orc knights (Orc:2)
  A deep elf pyromancer (D:13)
  2 wolf spiders (Spider:1)
  4 ugly things
  2 manticores
  An orc sorcerer (Orc:2)
  3 cyclopes
  12 elephants
  2 torpor snails
  A gargoyle (D:14)
  9 black mambas
  11 cane toads
  4 rime drakes
  3 kobold demonologists
  An unseen horror (D:11)
  2 tengu conjurers (D:15)
  2 efreet
  2 demonic crawlers (Spider:1)
  7 komodo dragons
  3 freezing wraiths
  9 trolls
  A hornet (D:9)
  A meliai (shapeshifter) (D:15)
  2 tarantellas
  3 polar bears
  A hornet (shapeshifter) (D:14)
  10 slime creatures
  17 blink frogs
  18 dream sheep
  Grinder (D:3)
  4 jumping spiders (Spider:1)
  A vampire (D:11)
  4 culicivoras (Spider:1)
  A spriggan (Lair:2)
  2 shadows
  6 hogs (Lair:5)
  7 wraiths
  4 wyverns
  11 humans (D:14)
  30 yaks
  5 basilisks
  A steam dragon (D:8)
  3 vampire mosquitoes (D:12)
  6 redbacks (Spider:1)
  3 wargs
  2 acid dragons
  19 water moccasins
  Duvessa (D:5)
  36 orc warriors
  3 black bears
  An ice beast (D:6)
  8 wolves
  13 ogres
  5 centaurs
  2 phantoms (D:6)
  11 bullfrogs
  5 kobold brigands
  A necrophage (D:6)
  A gnoll sergeant (D:7)
  2 scorpions
  Dowan (D:5)
  25 wights
  3 killer bees (D:8)
  8 howler monkeys
  A crimson imp (D:5)
  3 hounds (D:4)
  A jelly (D:4)
  42 orc priests
  Crazy Yiuf (D:7)
  7 iguanas
  29 orc wizards
  3 gnolls
  10 adders
  A shadow imp (D:8)
  2 white imps (D:6)
  2 ufetubi
  2 worms (D:2)
  3 dart slugs
  104 orcs
  6 ball pythons
  4 endoplasms
  2 giant cockroaches (D:2)
  5 hobgoblins
  2 jackals (D:1)
  21 kobolds
  9 quokkas
  7 bats
  6 frilled lizards
  6 goblins
  8 rats
  5 bushes (Lair:6)
727 creatures vanquished.

Vanquished Creatures (collateral kills)
  13 foxfires
13 creatures vanquished.

Vanquished Creatures (others)
  A warg (Orc:2)
  1673 foxfires
  52 fungi
  65 plants
1791 creatures vanquished.

Grand Total: 2531 creatures vanquished

Notes
Turn   | Place    | Note
-------+----------+-------------------------------------------
     0 | D:1      | kae the Demigod Fire Elementalist began the quest for the
                  | Orb.
     0 | D:1      | Reached XP level 1. HP: 14/14 MP: 5/5
   211 | D:1      | Reached skill level 1 in Conjurations
   417 | D:1      | Reached XP level 2. HP: 20/20 MP: 1/7
   426 | D:1      | Learned a level 2 spell: Scorch
   737 | D:1      | Reached skill level 3 in Fire Magic
  1822 | D:2      | Reached XP level 3. HP: 15/26 MP: 2/9
  1826 | D:2      | Learned a level 3 spell: Conjure Flame
  2192 | D:2      | You fall into a shaft and drop 2 floors!
  2192 | D:4      | Noticed a black bear
  2412 | D:3      | Noticed Grinder
  2424 | D:3      | Killed Grinder
  2425 | D:3      | Reached skill level 4 in Fire Magic
  2425 | D:3      | Reached XP level 4. HP: 11/33 MP: 0/11
  2425 | D:3      | Reached XP level 5. HP: 13/38 MP: 0/12
  3987 | D:3      | Reached XP level 6. HP: 45/45 MP: 11/14
  3991 | D:3      | Learned a level 3 spell: Inner Flame
  4594 | D:4      | Found a staircase to the Ecumenical Temple.
  5349 | D:4      | Reached XP level 7. HP: 50/50 MP: 3/16
  6130 | D:4      | Identified the +1 leather armour of Mental Paralysis
                  | {Will++}
  6162 | D:5      | Entered Level 5 of the Dungeon
  6179 | D:5      | Reached skill level 5 in Fire Magic
  6408 | D:5      | Noticed Sigmund
  6883 | D:5      | Noticed Dowan
  6891 | D:5      | Noticed Duvessa
  7339 | D:5      | Killed Dowan
  7342 | D:5      | Killed Duvessa
  7351 | D:5      | Reached skill level 5 in Spellcasting
  7351 | D:5      | Reached skill level 5 in Conjurations
  7667 | D:6      | Reached XP level 8. HP: 49/57 MP: 12/19
  7670 | D:6      | Reached skill level 6 in Fire Magic
  7676 | D:6      | Learned a level 4 spell: Flame Wave
  7764 | D:6      | Identified the +3 helmet of the Arcane {rElec Will+ SInv}
  8844 | D:7      | Reached skill level 7 in Fire Magic
  9076 | D:7      | Reached XP level 9. HP: 50/62 MP: 16/22
  9403 | D:7      | Noticed qborf's ghost (novice TrCK)
  9404 | D:7      | Noticed a moth of wrath
 10081 | D:7      | Found a transporter.
 10089 | D:7      | Found a transporter.
 10141 | D:7      | Found a runed translucent door.
 10142 | D:7      | Noticed Crazy Yiuf
 10352 | D:7      | Killed Crazy Yiuf
 10559 | D:8      | Identified the +1 cloak "Pauthrola" {rElec Str+6 Dex-3}
 10808 | D:8      | Reached skill level 8 in Fire Magic
 12055 | D:9      | Reached XP level 10. HP: 19/69 MP: 7/25
 12378 | D:9      | Noticed a two-headed ogre
 12394 | D:9      | Killed a two-headed ogre
 12495 | D:9      | Reached skill level 9 in Fire Magic
 12674 | D:9      | Noticed a cyan ugly thing
 12681 | D:9      | Killed a cyan ugly thing
 13001 | D:9      | Found a runed translucent gate.
 13002 | D:9      | Found a runed translucent gate.
 13002 | D:9      | Noticed initializr's ghost (novice DsFi)
 13003 | D:9      | Found a runed translucent gate.
 13471 | D:10     | Entered Level 10 of the Dungeon
 13665 | D:10     | Found Visent's Distillery.
 14035 | D:10     | Found a staircase to the Lair.
 14881 | Lair:1   | Entered Level 1 of the Lair of Beasts
 15104 | Lair:1   | Noticed a black mamba
 15110 | Lair:1   | Killed a black mamba
 15111 | Lair:1   | Reached XP level 11. HP: 60/74 MP: 21/28
 15918 | Lair:2   | Noticed a death yak
 15918 | Lair:2   | Noticed a death yak
 15918 | Lair:2   | Noticed a death yak
 15918 | Lair:2   | Noticed a death yak
 16269 | Lair:2   | Reached skill level 10 in Fire Magic
 16283 | Lair:2   | Noticed Gastronok
 16570 | Lair:2   | Reached skill level 10 in Conjurations
 16602 | Lair:2   | Reached skill level 1 in Fighting
 18412 | Lair:2   | Killed Gastronok
 18739 | Lair:1   | Killed a death yak
 19276 | Lair:2   | Killed a death yak
 19277 | Lair:2   | Reached skill level 5 in Dodging
 19283 | Lair:2   | Killed a death yak
 19613 | Lair:3   | Found a hole to the Spider Nest.
 19829 | Lair:3   | Reached skill level 5 in Fighting
 20413 | Lair:3   | Reached XP level 12. HP: 75/94 MP: 15/29
 20672 | Lair:3   | Learned a level 8 spell: Ignition
 21094 | Lair:3   | Reached skill level 11 in Fire Magic
 21498 | Lair:4   | HP: 3/97 [poisoned by a cane toad]
 22690 | Lair:4   | Found a staircase to the Swamp.
 24737 | Lair:4   | Reached skill level 12 in Fire Magic
 26045 | Lair:5   | Noticed Kirke
 26054 | Lair:5   | Reached skill level 1 in Shields
 26055 | Lair:5   | Reached XP level 13. HP: 107/107 MP: 13/30
 26720 | Lair:5   | Killed Kirke
 27678 | Swamp:1  | Entered Level 1 of the Swamp
 28391 | Lair:6   | Entered Level 6 of the Lair of Beasts
 28962 | Lair:6   | Found a runed translucent door.
 28962 | Lair:6   | Noticed Obloel's ghost (journeyman MfIE)
 29721 | Lair:6   | Found a staircase to the Slime Pits.
 29764 | Lair:6   | Reached skill level 13 in Fire Magic
 30429 | Lair:6   | Noticed a dire elephant
 30440 | Lair:6   | Killed a dire elephant
 30853 | Lair:6   | Reached skill level 10 in Dodging
 31009 | Lair:6   | Reached XP level 14. HP: 99/119 MP: 19/31
 31013 | Lair:6   | Reached skill level 10 in Fighting
 33984 | D:12     | Reached skill level 14 in Fire Magic
 34137 | D:12     | Found a staircase to the Orcish Mines.
 35575 | D:13     | Learned a level 4 spell: Sticky Flame
 35917 | D:13     | Reached skill level 1 in Evocations
 36360 | Orc:1    | Entered Level 1 of the Orcish Mines
 36373 | Orc:1    | Noticed an orc warlord
 36391 | D:12     | Killed an orc warlord
 36823 | Orc:1    | Reached skill level 15 in Fire Magic
 37172 | Orc:1    | Found Mumiu's Jewellery Shop.
 37315 | Orc:2    | Entered Level 2 of the Orcish Mines
 37315 | Orc:2    | Noticed Nessos
 37315 | Orc:2    | Found a staircase to the Elven Halls.
 37988 | Orc:2    | HP: 6/121 [Nessos/arrow (20)]
 37988 | Orc:2    | HP: 1/121 [Nessos/arrow (5)]
 38884 | Orc:1    | Gained mutation: You tend to lose your temper in combat. [a
                  | neqoxec]
 39868 | Orc:2    | Found Hieweixu's General Store.
 40128 | Orc:2    | Killed Nessos
 40346 | Orc:2    | Found Kiggupt's Assorted Antiques.
 40347 | Orc:2    | Found Janoma Tutu's General Store.
 40348 | Orc:2    | Found Felujowi's Jewellery Emporium.
 40352 | Orc:2    | Found Kuguiph's Distillery.
 40355 | Orc:2    | Bought a smoky brown potion for 23 gold pieces
 40924 | D:14     | Noticed Jorgrun
 41540 | D:13     | Reached skill level 5 in Evocations
 42246 | D:13     | Killed Jorgrun
 43167 | D:15     | Entered Level 15 of the Dungeon
 43477 | D:15     | Reached XP level 15. HP: 122/126 MP: 30/32
 43572 | D:14     | Reached skill level 16 in Fire Magic
 43907 | D:15     | Found a staircase to the Depths.
 45272 | Spider:1 | Entered Level 1 of the Spider Nest
 47142 | Spider:1 | Reached skill level 17 in Fire Magic
 47691 | Spider:1 | Slain by a wolf spider

Illustrated notes

Levels and vault maps discovered:
D:1:      dpeg_arrival_leaves_temple_mockup, layout_basic,
          dreamdust_ecumenical_altar_hidden_monk_grotto
D:2:      layout_basic, minmay_pentomino_r2
D:3:      layout_basic, uniq_grinder
D:4:      kb_forest_paths, layout_basic, kiku_gazebo_pond_becter,
          minmay_temple_entry_arrows, glass_columns_a, minmay_misc_feat_hallway
D:5:      layout_loops_ring, kennysheep_mini_moat,
          grunt_temple_overflow_lords_of_destruction, uniq_duvessa, uniq_sigmund
D:6:      layout_loops_ring, tgw_sif
D:7:      layout_cave_pools, mainiacjoe_overflow_catwalk,
          beargit_hepliaklqana_dungeon_heroes,
          gammafunk_ghost_wrathful_warriors, kennysheep_small_spiral,
          uniq_crazy_yiuf_cottage
D:8:      layout_loops_ring
D:9:      layout_gridville, gammafunk_ghost_nasty_kobolds,
          kennysheep_small_circle
D:10:     layout_irregular_city, okawaru_metal_pillars_1_2,
          mainiacjoe_overflow_brackets, erik_lair_orcish_takeover,
          serial_rivers, chequers_serial_rivers_small_a,
          chequers_serial_rivers_micro_b, chequers_serial_rivers_micro_e,
          chequers_serial_rivers_small_a, chequers_serial_rivers_micro_e,
          serial_shops, nicolae_shop_crystal, hangedman_decor_opposing
D:11:     layout_long_grid
D:12:     layout_roguey, david_orc_2
D:13:     layout_basic
D:14:     layout_rooms, grunt_vaults_entry_tiered, chequers_arboretum,
          uniq_jorgrun
D:15:     grunt_enter_depths_giant_problem, layout_rooms, special_room
          [special_room_orc], fiery_altar_vehumet
Lair:1:   layout_cave_pods
Lair:2:   layout_regular_city, grunt_forest_stairs_clearing, uniq_gastronok
Lair:3:   beast_lair_carwin_large_2, layout_regular_city, dummy_spider_entry,
          infiniplex_staircase_pool_2
Lair:4:   layout_gridlike, skrybe_swamp_entry_bodies
Lair:5:   nzn_winding_woodlands_small [nzn_winding_woodlands_5x15_eye,
          nzn_winding_woodlands_center_triple_pond,
          nzn_winding_woodlands_5x15_garden], layout_cave_pods,
          nicolae_lair_grove_arrangements, chequers_serial_rivers_micro_a,
          uniq_kirke
Lair:6:   hangedman_lair_in_review, layout_regular_city, slime_altar_1,
          hellmonk_ghost_happy_afterlife
Swamp:1:  layout_basic_swamp, gammafunk_ghost_mausoleum, serial_swamp_ruin,
          evilmike_swamp_ruin_rubble_1, evilmike_swamp_ruin_house_4
Spider:1: layout_spider_delve, nicolae_spider_shape
Orc:1:    layout_caves, enter_volcano_1, serial_shops, nicolae_lakefront_shop,
          nicolae_orc_rockfall
Orc:2:    st_orc_mages, layout_caves, serial_shops, shop, minmay_orc_barracks,
          uniq_nessos

Skill      XL: |  1  2  3  4  5  6  7  8  9 10 11 12 13 14 15 |
---------------+----------------------------------------------+-----
Conjurations   | 1 3 4 5 6 7 9 10 | 10.0
Spellcasting   | 2 3 4 5 6 7 8 9 |  9.0
Fire Magic     | 3 4 5 7 8 9 10 12 13 15 17 | 17.1
Dodging        | 5 8 10 | 10.0
Fighting       | 5 7 9 10 | 10.0
Shields        | 1 3 |  3.0
Evocations     | 6 |  6.0
Stealth        | |  1.7

Action                   |  1- 3 |  4- 6 |  7- 9 | 10-12 | 13-15 || total
-------------------------+-------+-------+-------+-------+-------++-------
Melee: Short sword       |    10 |       |    24 |       |       ||    34
       Punch             |     1 |       |       |       |       ||     1
       Lajatang          |       |       |    10 |     4 |       ||    14
       Staff             |       |       |       |     3 |    42 ||    45
 Cast: Foxfire           |    80 |    90 |   157 |   204 |   453 ||   984
       Scorch            |    14 |    22 |    63 |   145 |   173 ||   417
       Conjure Flame     |       |     1 |    12 |    11 |    23 ||    47
       Flame Wave        |       |       |    13 |    48 |   128 ||   189
       Inner Flame       |       |       |     1 |     5 |    49 ||    55
       Ignition          |       |       |       |       |     6 ||     6
Evoke: Wand              |       |       |       |       |    10 ||    10
  Use: Scroll            |     6 |     6 |     8 |    10 |    13 ||    43
       Potion            |       |       |     1 |     3 |     2 ||     6
 Stab: Sleeping          |       |       |       |       |     1 ||     1
Armor: Robe              |     5 |     8 |       |       |       ||    13
       Leather armour    |       |       |    57 |   139 |   216 ||   412
Dodge: Dodged            |    33 |    21 |    91 |   235 |   428 ||   808
Block: Other             |       |       |    25 |    76 |       ||   101
       Reflection        |       |       |     1 |       |    20 ||    21
       Buckler           |       |       |       |    37 |   407 ||   444

Table legend: (Time is in decaauts)
 A = Elapsed time spent in this place.
 B = Non-inter-level travel time spent in this place.
 C = Inter-level travel time spent in this place.
 D = Time resting spent in this place.
 E = Time spent auto-exploring this place.
 F = Levels seen in this place.
 G = Mean time per level.
                   A        B        C        D        E       F      G
               +--------+--------+--------+--------+--------+-----+--------+
         Total |  47867 |  44806 |   3061 |  11936 |  26977 |  25 | 1914.7 |
       Dungeon |  25041 |  23167 |   1874 |   2808 |  17333 |  15 | 1669.4 |
          Lair |  17132 |  16105 |   1027 |   6461 |   7618 |   6 | 2855.3 |
         Swamp |      1 |      1 |      0 |      0 |      0 |   1 |    1.0 |
   Spider Nest |   1791 |   1740 |     51 |    412 |   1067 |   1 | 1791.0 |
  Orcish Mines |   3900 |   3793 |    107 |   2255 |    959 |   2 | 1950.0 |
               +--------+--------+--------+--------+--------+-----+--------+

Top non-repeatable levels by time:
  Lair:4: 3392 daAuts
  Lair:3: 3302 daAuts
  Lair:5: 3158 daAuts
    D:13: 2785 daAuts
   Orc:1: 2624 daAuts
  Lair:6: 2595 daAuts
  Lair:1: 2488 daAuts
  Lair:2: 2195 daAuts
    D:10: 1971 daAuts
     D:4: 1861 daAuts
Spider:1: 1791 daAuts
     D:1: 1714 daAuts
     D:7: 1687 daAuts
     D:2: 1673 daAuts
     D:9: 1661 daAuts
